 Dungeon Crawl Stone Soup version 0.30.1-3-gfc49f6343a (webtiles) character file.

Game seed: 7183055025881183068

184 McKennaii the Conjurer (level 5, -5/38 HPs)
             Began as a Demigod Conjurer on Aug 1, 2023.
             Splashed by a jelly's acid (9 damage)
             ... in a sewer.
             The game lasted 00:02:15 (2596 turns).

McKennaii the Conjurer (Demigod Conjurer)           Turns: 2596, Time: 00:02:16

Health: -5/38      AC: -1    Str:  8    XL:     5   Next: 14%
Magic:  1/13       EV: 12    Int: 24    God:
Gold:   107        SH:  0    Dex: 12    Spells: 4/11 levels left

rFire   . . .        (no weapon)
rCold   . . .        (no shield)
rNeg    . . .        a - +0 robe
rPois   .            m - +0 helmet
rElec   .            r - +0 cloak
rCorr   .            j - +0 pair of gloves
SInv    .            t - +1 pair of boots {Stlth+}
Will    .....        (no amulet)
Stlth   +++          (no ring)
HPRegen 0.26/turn    (no ring)
MPRegen 0.13/turn

%: no passive effects
@: corroded
A: high MP 1, forlorn, divine attributes
a: no special abilities


You were in a sewer.
You visited 1 branch of the dungeon, and saw 3 of its levels.
You also visited: Sewer.

You collected 107 gold pieces.

Inventory:

Armour
 a - a +0 robe (worn)
 j - a +0 pair of gloves (worn)
 m - a +0 helmet (worn)
 r - a +0 cloak (worn)
 t - a +1 pair of boots of stealth (worn)
Jewellery
 c - a ring of fire
Scrolls
 d - 2 scrolls of fog {unknown}
 f - a scroll of amnesia {unknown}
 h - 2 scrolls of poison {unknown}
 i - 2 scrolls of teleportation {unknown}
 l - a scroll of identify {unknown}
 o - 2 scrolls of noise {unknown}
 u - a scroll of butterflies {unknown}
Potions
 b - a potion of magic
 e - a potion of heal wounds {unknown}
 g - a potion of curing
 k - a potion of invisibility {unknown}
 n - a potion of resistance {unknown}
 p - a potion of degeneration {unknown}
 q - a potion of flight {unknown}
 s - a potion of might {unknown}


   Skills:
 - Level 1.7 Dodging
 - Level 1.7 Stealth
 + Level 3.5 Spellcasting
 + Level 5.0 Conjurations


You had 4 spell levels left.
You knew the following spells:

 Your Spells              Type           Power      Damage    Failure   Level
a - Magic Dart            Conj           100%       1d8       1%          1
b - Searing Ray           Conj           56%        2d6       1%          2
c - Iskenderun's Mystic   Conj/Tloc      16%        2d5       36%         4

Your spell library contained the following spells:

 Spells                   Type           Power      Damage    Failure   Level
 Shock                    Conj/Air       64%        1d7       3%          1
 Slow                     Hex            16%        N/A       11%         1
 Dazzling Flash           Conj/Hex       32%        N/A       11%         3
 Poisonous Vapours        Pois/Air       8%         N/A       16%         2
 Mephitic Cloud           Conj/Pois/Air  12%        N/A       16%         3
 Confusing Touch          Hex            4%         N/A       30%         3
 Vampiric Draining        Necr           4%         2d6       30%         3
 Fulminant Prism          Conj/Hex       8%         3d7       36%         4
 Freezing Cloud           Conj/Ice/Air   6%         6-21      82%         5
 Maxwell's Capacitive Co  Air            2%         ∞         100%        8


Dungeon Overview and Level Annotations

Branches:
Dungeon (3/15)              Sewer (1/1)


Innate Abilities, Weirdness & Mutations

You have an increased reservoir of magic. (+10% MP)
You shall have no god before yourself.
Your divine heritage dramatically boosts your attributes as you level up.


Message History

You kill the frilled lizard!
The jelly quivers. x2
The magic dart hits the jelly.
The jelly is moderately wounded.
There are monsters nearby!
The magic dart hits the jelly.
The jelly is moderately wounded.
The magic dart hits the jelly.
The jelly is moderately wounded.
You enter the shallow water.
Moving in this stuff is going to be slow.
You see here a rat corpse.
The jelly hits you. The acid corrodes you!
You are splashed with acid!
The jelly hits you but does no damage.
Casting: Magic Dart (safe; 1% risk of failure)
Confirm with . or Enter, or press ? or * to list all spells.
Aiming: Searing Ray (safe; 2% risk of failure)
Press: ? - help, Shift-Dir - straight line, f - endoplasm, p - jelly
Aim: an endoplasm (98% to hit)
The searing ray hits the jelly!
The jelly is almost dead.
The searing ray hits the endoplasm!
You kill the endoplasm! (Press . to maintain the ray.)
The jelly hits you. The acid corrodes you!
You are splashed with acid!
The jelly barely misses you.
Unknown command.
The searing ray hits the jelly!
You kill the jelly!
The jelly misses you.
Your Conjurations skill increases to level 5!
You have reached level 5!
The jelly hits you. The acid corrodes you!
You are splashed with acid!
* * * LOW HITPOINT WARNING * * *
Okay, then.
You aren't carrying any items that you can evoke.
The jelly attacks as you move away! The jelly hits you.
* * * LOW HITPOINT WARNING * * *
The acid corrodes you!
You are splashed with acid!
You die...

#. .~...~~.# #.
††~..~# ~##.~
##..~.# .~~~~#
##.~~~.##
.~..~~###~~.~.~.##
#...~~...##~~~~###
##~†J~~~####.~..~##
####..##..##.~~.~#
#.†#@J.####~~.#
#..~.~## ##..##
##.~~## #...# #####
##~~# ##########
#.~# #.......~#
#~~# #~~~.†..~#
#..# #..####~~#
#..# #~.# #~.# #.~#


You could see a jelly.

Vanquished Creatures
  2 jellies (Sewer)
  5 gnolls
  An adder (Sewer)
  A river rat (Sewer)
  2 worms
  A dart slug (D:2)
  9 endoplasms
  5 giant cockroaches
  2 goblins
  2 hobgoblins (D:1)
  4 quokkas
  5 ball pythons
  A bat (D:2)
  6 frilled lizards
  2 kobolds
  5 rats
53 creatures vanquished.

Notes
Turn   | Place    | Note
-------+----------+-------------------------------------------
     0 | D:1      | McKennaii the Demigod Conjurer began the quest for the Orb.
     0 | D:1      | Reached XP level 1. HP: 14/14 MP: 5/5
     4 | D:1      | You fall into a shaft and drop 1 floor!
   354 | D:1      | Reached XP level 2. HP: 20/20 MP: 2/7
   431 | D:1      | Learned a level 2 spell: Searing Ray
   580 | D:1      | Reached skill level 4 in Conjurations
   703 | D:1      | Got Xemoih's Atlas of Limited Liability
  1157 | D:2      | Reached XP level 3. HP: 26/26 MP: 1/9
  2039 | D:3      | Reached XP level 4. HP: 33/33 MP: 5/11
  2045 | D:3      | Learned a level 4 spell: Iskenderun's Mystic Blast
  2231 | D:3      | Found a glowing drain.
  2247 | Sewer    | Entered a sewer
  2594 | Sewer    | Reached skill level 5 in Conjurations
  2594 | Sewer    | Reached XP level 5. HP: 17/38 MP: 1/13
  2596 | Sewer    | Splashed by a jelly's acid

Illustrated notes

Levels and vault maps discovered:
D:1:      spicycebolla_green_bress_n_ham, layout_basic
D:2:      layout_loops_ring, shapermc_ecumenical_altar_totnotflames
D:3:      layout_basic, gup_sewer_entry_bubbles,
          nicolae_concentric_dashed_squares_mild, uniq_grinder
Sewer:    sewer_hellmonk_slimy_pipes

Skill      XL: |  1  2  3  4 |
---------------+-------------+-----
Spellcasting   | 2 3 |  3.5
Conjurations   | 4 5 |  5.0
Dodging        | |  1.7
Stealth        | |  1.7

Action                     |  1- 3 |  4- 6 || total
---------------------------+-------+-------++-------
  Melee: Unarmed           |    15 |       ||    15
   Cast: Magic Dart        |    63 |    37 ||   100
         Searing Ray       |     4 |     6 ||    10
    Use: Potion            |     1 |       ||     1
 Armour: Robe              |     3 |     3 ||     6
  Dodge: Dodged            |    14 |     6 ||    20
